 Dungeon Crawl Stone Soup version 0.30-b1-2-g02819fbbbe (webtiles) character file.

Game seed: 12206126980249415082

1789502 KuroJack the Intangible (level 25, 137/137 HPs)
             Began as a Spriggan Hunter on Oct 3, 2023.
             Was the Champion of Hepliaklqana.
             Escaped with the Orb
             ... and 3 runes on Oct 4, 2023!
             The game lasted 03:24:43 (58831 turns).

KuroJack the Intangible (Spriggan Hunter)          Turns: 58831, Time: 03:24:43

Health: 137/137    AC: 20    Str: 10    XL:     25   Next: 71%
Magic:  31/31      EV: 54    Int:  8    God:    Hepliaklqana [******]
Gold:   3656       SH:  0    Dex: 31    Spells: 24/24 levels left

rFire   + + .        q - +9 arbalest (freeze)
rCold   . . .        (shield currently unavailable)
rNeg    . . .        D - +4 troll leather armour
rPois   .            c - +2 hat {Will+}
rElec   +            P - +2 cloak {Stlth+}
rCorr   +            (gloves unavailable)
SInv    +            (boots unavailable)
Will    +++++        i - amulet "Yjidd" {Contam +Blink rElec Regen+ Int-2}
Stlth   ++           v - ring "Zotsuuc" {rF+ Will+ Str+3}
HPRegen 2.02/turn    X - ring of the Hurting Saviour {Contam rF+ Will+ rCorr AC+4}
MPRegen 0.22/turn

%: random rage (3%)
@: studying Shields, very quick
A: reduced essence, very small, no large weapons, unfitting armour, see
invisible, speed 3, hooves 1, berserk 1
0: Orb of Zot
}: 3/15 runes: serpentine, barnacled, silver
a: Renounce Religion, Evoke Blink, Recall Ancestor, Ancestor Identity,
Transference, Idealise


You escaped.
You worshipped Hepliaklqana.
Hepliaklqana was exalted by your worship.
You visited 9 branches of the dungeon, and saw 44 of its levels.

You collected 5550 gold pieces.
You spent 1894 gold pieces at shops.

Inventory:

Hand Weapons
 q - a +9 arbalest of freezing (weapon)
Missiles
 F - a throwing net
Armour
 c - a +2 hat of willpower (worn)
 D - a +4 troll leather armour (worn)
 P - a +2 cloak of stealth (worn)
Jewellery
 b - the amulet of the Invisible Hand {Reflect Int+5 SH+5 Stlth+}
   (You acquired it on level 3 of the Shoals)

   [amulet of reflection]

   It reflects blocked missile attacks.
   Int:       It affects your intelligence (+5).
   SH:        It affects your SH (+5).
   Stlth:     It makes you more stealthy.
 f - the amulet "Tulieses" {Spirit +Inv rPois}
   (You found it on level 3 of the Vaults)

   [amulet of guardian spirit]

   It causes incoming damage to be divided between your reserves of health and
   magic.
   rPois:     It protects you from poison.
   +Inv:      It lets you turn invisible.
 i - the amulet "Yjidd" (around neck) {Contam +Blink rElec Regen+ Int-2}
   (You acquired it on level 5 of the Lair of Beasts)

   [amulet of regeneration]

   Int:       It affects your intelligence (-2).
   rElec:     It insulates you from electricity.
   +Blink:    It lets you blink.
   Contam:    It causes magical contamination when unequipped.
   Regen:     It increases your rate of health regeneration.
 j - the ring of Bar Moag {Wiz rElec rN+ rCorr Str-3}
   (You found it on level 3 of the Depths)

   [ring of wizardry]

   It improves your spell success rate.
   Str:       It affects your strength (-3).
   rElec:     It insulates you from electricity.
   rN:        It protects you from negative energy.
   rCorr:     It protects you from acid and corrosion.
 n - a ring of protection from fire
 p - a +5 ring of evasion
 v - the ring "Zotsuuc" (left hand) {rF+ Will+ Str+3}
   (You bought it in a shop on level 4 of the Snake Pit)

   [ring of protection from fire]

   Str:       It affects your strength (+3).
   rF:        It protects you from fire.
   Will:      It increases your willpower.
 y - a ring of protection from fire
 A - the ring "Kathrefan" {Contam rElec rC+ MP+9 Slay+5}
   (You found it on level 4 of the Shoals)

   [ring of magical power]

   Slay:      It affects your accuracy & damage with ranged weapons and melee
   (+5).
   rC:        It protects you from cold.
   rElec:     It insulates you from electricity.
   MP:        It affects your magic capacity (+9).
   Contam:    It causes magical contamination when unequipped.
 O - the amulet of Otoh {RegenMP Harm rF- Str+3 Dex+5}
   (You found it on level 10 of the Dungeon)

   [amulet of magic regeneration]

   It increases your rate of magic regeneration.
   Str:       It affects your strength (+3).
   Dex:       It affects your dexterity (+5).
   rF:        It makes you vulnerable to fire.
   Harm:      It increases damage dealt and taken.
 X - the ring of the Hurting Saviour (right hand) {Contam rF+ Will+ rCorr AC+4}
   (You took it off a vault guard on level 5 of the Vaults)

   [ring of protection]

   AC:        It affects your AC (+4).
   rF:        It protects you from fire.
   Contam:    It causes magical contamination when unequipped.
   rCorr:     It protects you from acid and corrosion.
   Will:      It increases your willpower.
 Y - the amulet of the Good {Acrobat rPois rC+ Will+ Dex+4}
   (You found it on level 3 of the Vaults)

   [amulet of the acrobat]

   It increases your evasion while moving and waiting.
   Dex:       It affects your dexterity (+4).
   rC:        It protects you from cold.
   rPois:     It protects you from poison.
   Will:      It increases your willpower.
 Z - a ring of fire
Wands
 r - a wand of iceblast (44)
 u - a wand of digging (24)
 w - a wand of flame (106)
 H - a wand of quicksilver (57)
 L - a wand of mindburst (31)
 Q - a wand of polymorph (19)
 W - a wand of paralysis (38)
Scrolls
 e - 6 scrolls of fear
 h - a scroll of blinking
 l - 19 scrolls of teleportation
 m - 3 scrolls of magic mapping
 o - 2 scrolls of enchant armour
 s - 2 scrolls of brand weapon
 G - 2 scrolls of summoning
 N - a scroll of amnesia
 S - 2 scrolls of enchant weapon
 U - 16 scrolls of fog
 V - 4 scrolls of silence
Potions
 a - 3 potions of heal wounds
 d - a potion of cancellation
 k - 7 potions of flight
 t - 8 potions of might
 x - 4 potions of invisibility
 z - 13 potions of curing
 B - 5 potions of haste
 C - 2 potions of resistance
 E - 4 potions of lignification
 J - 2 potions of ambrosia
 K - 3 potions of mutation
 M - 2 potions of magic
 R - 5 potions of berserk rage
Miscellaneous
 g - a box of beasts
 I - a phial of floods
 T - a lightning rod (4/4)


   Skills:
 + Level 22.8 Fighting
 - Level 18.0 Ranged Weapons
 - Level 15.0 Armour
 O Level 27 Dodging
 - Level 6.0 Stealth
 - Level 10.0 Invocations
 O Level 27 Evocations


You had 24 spell levels left.
You didn't know any spells.
Your spell library contained the following spells:

 Spells                   Type           Power      Damage    Failure   Level
 Apportation              Tloc           0%         N/A       47%         1
 Foxfire                  Conj/Fire      0%         2x1d4     47%         1
 Necrotise                Necr           0%         1d4       47%         1
 Summon Small Mammal      Summ           0%         N/A       47%         1
 Blink                    Tloc           0%         N/A       63%         2
 Cigotuvi's Dreadful Rot  Necr/Pois/Air  0%         N/A       63%         2
 Lesser Beckoning         Tloc           0%         N/A       63%         2
 Sublimation of Blood     Necr           0%         N/A       63%         2
 Wereblood                Tmut           0%         N/A       63%         2
 Call Canine Familiar     Summ           0%         N/A       85%         3
 Dazzling Flash           Conj/Hex       0%         N/A       85%         3
 Frozen Ramparts          Ice            0%         1d1       85%         3
 Gell's Gravitas          Tloc           0%         N/A       85%         3
 Ignite Poison            Fire/Tmut/Pois 0%         N/A       85%         3
 Portal Projectile        Hex/Tloc       0%         N/A       85%         3
 Summon Guardian Golem    Hex/Summ       0%         N/A       85%         3
 Teleport Other           Tloc           0%         N/A       85%         3
 Vampiric Draining        Necr           0%         2d6       85%         3
 Vhi's Electric Charge    Tloc/Air       0%         N/A       85%         3
 Cause Fear               Hex            0%         N/A       99%         4
 Fulminant Prism          Conj/Hex       0%         3d5       99%         4
 Ice Form                 Ice/Tmut       0%         N/A       99%         4
 Leda's Liquefaction      Hex/Erth       0%         N/A       99%         4
 Manifold Assault         Tloc           0%         N/A       99%         4
 Passage of Golubria      Tloc           0%         N/A       99%         4
 Petrify                  Tmut/Erth      0%         N/A       99%         4
 Summon Ice Beast         Ice/Summ       0%         N/A       99%         4
 Summon Lightning Spire   Summ/Air       0%         N/A       99%         4
 Agony                    Necr           0%         N/A       100%        5
 Alistair's Intoxication  Tmut/Pois      0%         N/A       100%        5
 Arcjolt                  Conj/Air       0%         1d10      100%        5
 Borgnjor's Vile Clutch   Necr/Erth      0%         N/A       100%        5
 Fireball                 Conj/Fire      0%         3d3       100%        5
 Freezing Cloud           Conj/Ice/Air   0%         6-21      100%        5
 Lee's Rapid Deconstruct  Erth           0%         3d4*      100%        5
 Metabolic Englaciation   Hex/Ice        0%         N/A       100%        5
 Silence                  Hex/Air        0%         N/A       100%        5
 Summon Forest            Summ/Tloc      0%         N/A       100%        5
 Summon Mana Viper        Hex/Summ       0%         N/A       100%        5
 Dispersal                Tloc           0%         N/A       100%        6
 Eringya's Noxious Bog    Tmut/Pois      0%         N/A       100%        6
 Plasma Beam              Fire/Air       0%         2x1d11    100%        6
 Simulacrum               Ice/Necr       0%         N/A       100%        6
 Starburst                Conj/Fire      0%         6d3       100%        6
 Statue Form              Tmut/Erth      0%         N/A       100%        6
 Summon Cactus Giant      Summ           0%         N/A       100%        6
 Dragon Form              Tmut           0%         N/A       100%        7
 Monstrous Menagerie      Summ           0%         N/A       100%        7
 Orb of Destruction       Conj           0%         9d5       100%        7
 Ozocubu's Refrigeration  Ice            0%         4d7       100%        7
 Spellforged Servitor     Conj/Summ      0%         N/A       100%        7
 Storm Form               Tmut/Air       0%         N/A       100%        7
 Summon Hydra             Summ           0%         N/A       100%        7
 Disjunction              Tloc           0%         N/A       100%        8
 Lehudib's Crystal Spear  Conj/Erth      0%         10d2      100%        8
 Maxwell's Capacitive Co  Air            0%         ∞         100%        8
 Dragon's Call            Summ           0%         N/A       100%        9
 Polar Vortex             Ice            0%         N/A       100%        9


Dungeon Overview and Level Annotations

Branches:
Dungeon (15/15)            Temple (1/1) D:7            Lair (5/5) D:9
 Shoals (4/4) Lair:3        Snake (4/4) Lair:3        Slime (0/5) Lair:4
    Orc (0/2) D:11         Vaults (5/5) D:14          Crypt (1/3) Vaults:2
 Depths (4/4) D:15            Zot (5/5) Depths:4

Altars:
Cheibriados
Dithmenos
Elyvilon
Fedhas
Gozag
Hepliaklqana
Kikubaaqudgha
Makhleb
Nemelex Xobeh
Okawaru
Ru
Sif Muna
Trog
Uskayaw
Vehumet
Wu Jian
Xom
Zin
Jiyva

Shops:
Snake:3 :=:   Snake:4 **==   Vaults:3 *   Depths:3 *=[   Depths:4 ****

Portals:
Hell: Depths:1 Depths:2 Depths:3 Depths:4
Abyss: Depths:3
Pandemonium: Depths:2 Depths:3 Depths:4
Ziggurat: Depths:1
Bazaar: Vaults:1

Annotations:
D:2 1 runed translucent door, Crazy Yiuf
D:3 1 transporter
D:7 3 runed translucent doors, Manslay's ghost, novice OpCj; diceflayer's ghost, novice DsHu; zielscheibe's ghost, novice TeAE
Vaults:2 3 runed translucent doors, exclusion: obsidian statue, Kipt's ghost, adept SpFE
Vaults:3 1 transporter
Crypt:1 Bai Suzhen
Zot:4 6 transporters


Innate Abilities, Weirdness & Mutations

Your life essence is reduced to manifest your ancestor. (-10% HP)
You are very small and have problems with some larger weapons.
You are too small for most types of armour.
You have supernaturally acute eyesight. (SInv)
You cover ground extremely quickly. (Speed+++)
You have large cloven feet.
You sometimes lose your temper in combat.


Message History

The gnoll completely misses you.
You shoot a bolt. The bolt hits the gnoll.
The bolt freezes the gnoll.
The gnoll is lightly wounded.
The gnoll completely misses you. x2
You shoot a bolt. The bolt hits the gnoll!!
The bolt freezes the gnoll.
You kill the gnoll!
The gnoll completely misses you. The gnoll completely misses you. x2
You see here a +0 whip.
You shoot a bolt. The bolt hits the gnoll!!!
The bolt freezes the gnoll.
You kill the gnoll!
The gnoll completely misses you.
You shoot a bolt. The bolt hits the gnoll!!
The bolt freezes the gnoll.
You kill the gnoll!
You see here a +0 spear.
A hobgoblin comes into view.
The hobgoblin moves out of view.
There is a stone staircase leading up here.
You climb upwards.
Level annotation: 1 runed translucent door, Crazy Yiuf
There is a stone staircase leading down here.
(D) Dungeon (T) Temple (L) Lair (A) Shoals (P) Snake Pit (M) Slime Pits (O) Orcish Mines (V) Vaults (C) Crypt (U) Depths (H) Hell (Z) Zot
Where to? (Enter - D:1, ? - help)
What level of the Dungeon? (default 1, ? - help)
An Orb Guardian comes into view.
There is a stone staircase leading up here.
You climb upwards.
There is a stone staircase leading down here.
(D) Dungeon (T) Temple (L) Lair (A) Shoals (P) Snake Pit (M) Slime Pits (O) Orcish Mines (V) Vaults (C) Crypt (U) Depths (H) Hell (Z) Zot
Where to? (Enter - D:1 @ (x,y), ? - help)
What level of the Dungeon? (default 1, ? - help)
There is an open door here.
There is an open door here.
There is a staircase leading out of the dungeon here.
You can't go down here!
You have escaped!

#....###..#.....######....# ##
#....#...######.#....#....# #
####...##.###......#.##.##...# #
..)...'##...#.######.##.[#'..# #
......#.###.#........###..#..# #
.....##...#.####.###########.# #
###..####.#.####'##...######.# #
#..####.....'...'.#.....##.# #
#..'..#######.@.#######..+.# #
###..##.....#.'...+.....####.# #
.....######...##+####.#.####.#
###..###########.####.#...##.#
.#...†#..###........#.###.#..####
.#.#..'#..##.######.#...##'......
.#.#...##.##.#......###.##...#.##
.......†#....#.######...#....#.#
.#......####.#.....#..###....#.#


There were no monsters in sight!

Vanquished Creatures
  A dread lich (Zot:5)
  2 ancient liches (Zot:5)
  Mara (Shoals:3)
  2 juggernauts
  4 orbs of fire (Zot:5)
  Mennas (Vaults:4)
  Sojobo (Depths:3)
  9 Killer Klowns
  Vashnia (Snake:4)
  A curse toe (Zot:2)
  A caustic shrike (Depths:2)
  12 golden dragons
  Nikola (Vaults:1)
  3 electric golems
  20 tentacled monstrosities
  19 Orb Guardians (Zot:5)
  Jorgrun (Shoals:1)
  Zenata (Vaults:1)
  2 walking earthen tomes
  7 liches
  Rupert (Lair:5)
  A walking crystal tome (Depths:3)
  7 quicksilver dragons
  2 titans
  6 death cobs
  Polyphemus (Shoals:3)
  5 sphinxes
  7 tengu reavers
  Gastronok (D:9)
  8 shadow dragons
  13 storm dragons
  Donald (Snake:2)
  5 draconian monks
  7 fire giants
  3 draconian knights
  4 nagarajas (Snake:4)
  11 frost giants
  A draconian scorcher (Zot:5)
  2 deep elf sorcerers (Vaults:5)
  An iron dragon (Depths:3)
  2 ghost moths (Zot:5)
  12 vault wardens
  3 draconian stormcallers
  5 draconian shifters
  A spectral caustic shrike (Depths:3)
  15 ironbound preservers
  2 draconian annihilators
  2 ironbound thunderhulks
  2 spriggan defenders
  13 very ugly things
  A war gargoyle (Vaults:4)
  A deep elf demonologist (Vaults:2)
  13 stone giants
  2 vampire knights (Depths:3)
  5 black draconians
  8 spark wasps
  7 purple draconians
  9 white draconians
  9 yellow draconians
  3 minotaurs (Shoals:4)
  11 dire elephants
  8 green draconians
  9 red draconians
  20 ettins
  3 crystal guardians (Vaults:4)
  A blizzard demon (Depths:3)
  2 merfolk impalers
  A deep elf death mage (Vaults:2)
  4 fire dragons
  2 merfolk javelineers
  10 yaktaur captains
  3 deep elf high priests
  8 hydras
  5 great orbs of eyes
  6 ice dragons
  A merfolk avatar (Shoals:1)
  2 rakshasas
  23 vault guards
  3 ogre magi
  5 ironbound frosthearts
  A death knight (D:14)
  6 anacondas
  3 spriggan air magi
  Erica (Lair:1)
  3 catoblepae
  11 centaur warriors
  2 peacekeepers
  11 two-headed ogres
  3 salamander tyrants
  An alligator snapping turtle (Shoals:2)
  7 naga warriors
  5 boulder beetles
  8 death yaks
  An alligator (shapeshifter) (Vaults:3)
  15 satyrs
  7 tengu warriors
  10 deep troll shamans
  16 deep troll earth magi
  5 spriggan berserkers
  6 shock serpents
  5 hell knights (Depths:1)
  11 naga sharpshooters
  A soul eater (Depths:2)
  Nergalle (D:12)
  7 iron trolls
  7 salamander mystics
  A skyshark (shapeshifter) (Vaults:5)
  7 skeletal warriors
  5 skysharks
  2 sixfirhies (Depths:3)
  2 death drakes (Depths:2)
  A quicksilver dragon simulacrum (Depths:3)
  3 glowing orange brains
  10 sea snakes
  8 naga ritualists
  2 flayed ghosts
  53 deep trolls
  A shadow dragon zombie (Depths:1)
  4 phantasmal warriors
  5 lindwurms
  An obsidian statue (D:10)
  10 harpies
  A harpy (shapeshifter) (D:13)
  Pikel (D:9)
  A deep elf pyromancer (D:14)
  4 necromancers
  11 wizards
  14 mana vipers
  17 ironbound convokers
  3 orc knights
  17 fauns
  2 shining eyes (shapeshifter) (Vaults:5)
  A wolf spider (Lair:5)
  9 salamanders
  13 cyclopes
  15 manticores
  A moth of wrath (shapeshifter) (Depths:2)
  17 moths of wrath
  32 ugly things
  A manticore (shapeshifter) (Vaults:5)
  4 merfolk sirens
  A stone giant skeleton (Vaults:3)
  14 elephants
  A shadow dragon skeleton (Depths:1)
  15 naga magi
  26 black mambas
  5 torpor snails (Lair:5)
  2 rust devils
  6 water nymphs
  6 guardian serpents
  16 vault sentinels
  A black mamba (shapeshifter) (D:15)
  14 cane toads
  A gargoyle (D:13)
  An orange demon (Depths:4)
  A rime drake (Lair:5)
  2 efreet (D:13)
  A hellion (Zot:5)
  21 yaktaurs
  A rime drake (shapeshifter) (Vaults:5)
  9 komodo dragons
  2 freezing wraiths
  A spriggan zombie (Depths:1)
  2 ice devils (Depths:4)
  4 kobold demonologists
  3 tengu conjurers
  2 red devils
  7 trolls
  20 merfolk
  6 wind drakes
  4 tyrant leeches (Lair:5)
  2 polar bears
  Prince Ribbit (D:6)
  15 hornets
  A blink frog (shapeshifter) (D:14)
  A tarantella (shapeshifter) (Vaults:4)
  13 blink frogs
  7 dream sheep
  8 snapping turtles
  2 shadows
  A centaur simulacrum (D:12)
  Sigmund (D:4)
  A culicivora (shapeshifter) (D:12)
  7 spriggans
  A yak (shapeshifter) (D:15)
  10 water elementals
  16 slime creatures
  A vampire (D:10)
  7 wyverns (Lair:5)
  37 yaks
  5 basilisks
  5 wraiths
  A vampire mosquito (D:14)
  2 redbacks (Lair:5)
  5 swamp worms (Lair:2)
  2 acid dragons
  30 nagas
  A warg (Vaults:5)
  2 swamp worms (shapeshifter) (Vaults:5)
  25 water moccasins
  A floating eye (shapeshifter) (Vaults:5)
  Duvessa (D:7)
  A floating eye (Depths:3)
  An ice beast (shapeshifter) (D:12)
  6 orc warriors
  A sky beast (D:6)
  3 black bears
  An ettin simulacrum (Depths:1)
  8 centaurs
  11 wolves
  4 ogres (D:15)
  2 lemures (D:9)
  2 phantoms
  7 kobold brigands
  8 bullfrogs
  A gnoll sergeant (D:10)
  2 scorpions
  5 wights (D:7)
  Dowan (D:7)
  4 killer bees (D:11)
  A killer bee (shapeshifter) (Vaults:5)
  3 howler monkeys
  A crimson imp (D:5)
  7 orc priests
  2 hounds
  2 gnoll boudas
  2 iguanas
  A sleepcap (D:5)
  Jessica (D:2)
  13 orc wizards
  Robin (D:2)
  19 gnolls
  5 adders
  A shadow imp (D:7)
  An ufetubus (D:6)
  3 worms
  3 dart slugs
  70 orcs
  6 ball pythons
  An endoplasm (D:1)
  2 giant cockroaches
  15 goblins
  8 hobgoblins
  3 jackals (D:2)
  33 kobolds
  3 quokkas
  4 bats
  4 frilled lizards
  8 rats
  5 briar patches (Lair:2)
  A tentacle (Shoals:4)
1556 creatures vanquished.

Vanquished Creatures (collateral kills)
  An ancient lich (Vaults:5)
  3 Killer Klowns
  A caustic shrike (Depths:3)
  5 golden dragons
  2 liches
  7 tentacled monstrosities
  6 Orb Guardians (Zot:5)
  2 quicksilver dragons (Zot:5)
  A titan (Vaults:5)
  A death cob (Zot:3)
  A kraken (Shoals:4)
  2 sphinxes (Depths:3)
  6 shadow dragons
  A storm dragon (Zot:5)
  3 tengu reavers
  2 fire giants (Depths:1)
  3 frost giants
  5 vault wardens
  A draconian scorcher (Depths:4)
  A ghost moth (Zot:5)
  A draconian stormcaller (Zot:3)
  2 spectral caustic shrikes (Depths:3)
  A juggernaut skeleton (Depths:3)
  2 draconian annihilators
  4 very ugly things
  7 ironbound preservers
  4 ironbound thunderhulks (Vaults:3)
  A stone giant (Vaults:5)
  5 green draconians
  5 black draconians
  A vampire knight (Depths:3)
  7 purple draconians
  2 red draconians
  2 yellow draconians
  A deep elf annihilator (Vaults:5)
  3 spark wasps (Depths:2)
  3 white draconians (Zot:1)
  3 dire elephants
  A merfolk javelineer (Shoals:1)
  2 ettins
  A fire dragon (Depths:1)
  2 merfolk impalers
  3 yaktaur captains
  7 vault guards
  Josephine (Lair:5)
  A great orb of eyes (Vaults:3)
  An ice dragon (Depths:2)
  A spriggan zombie (Depths:1)
  2 spriggan air magi
  3 centaur warriors (Vaults:2)
  5 anacondas
  3 ogre magi (Vaults:5)
  5 two-headed ogres
  2 tengu warriors
  A naga sharpshooter (Snake:3)
  3 deep troll earth magi
  3 satyrs
  4 naga warriors
  4 deep troll shamans
  2 shock serpents
  2 spriggan berserkers
  A skyshark (Shoals:3)
  4 iron trolls
  A sea snake (Shoals:2)
  A death drake (Depths:2)
  A shadow dragon zombie (Depths:3)
  9 deep trolls
  A phantasmal warrior (Vaults:5)
  A wizard (Vaults:2)
  A naga ritualist (Snake:4)
  A necromancer (Depths:1)
  2 harpies
  5 ugly things
  3 ironbound convokers
  2 mana vipers
  4 fauns
  A cyclops (Shoals:2)
  A moth of wrath (Zot:1)
  3 elephants
  5 salamanders
  3 merfolk sirens
  2 manticores
  A guardian serpent (Snake:4)
  An iron dragon skeleton (Depths:1)
  A rust devil (Depths:4)
  2 naga magi
  6 black mambas
  3 vault sentinels
  2 kobold demonologists (D:12)
  A tengu conjurer (D:14)
  An efreet (D:12)
  A komodo dragon (Lair:3)
  A spark wasp simulacrum (Depths:1)
  2 freezing wraiths
  3 yaktaurs
  A spriggan skeleton (Depths:1)
  3 merfolk
  2 polar bears (Lair:5)
  2 trolls (D:10)
  A wind drake (Shoals:4)
  2 hornets
  3 snapping turtles
  A dream sheep (D:12)
  2 slime creatures
  2 ynoxinuls
  2 spriggans (Depths:4)
  3 wraiths
  5 yaks
  A vampire mosquito (D:14)
  A human simulacrum (Vaults:3)
  A redback (Lair:5)
  5 nagas
  2 water moccasins (Lair:5)
  A human zombie (Vaults:3)
  3 orc warriors (D:10)
  2 ogres
  2 wolves (Lair:1)
  A kobold brigand (D:10)
  A bullfrog (Lair:1)
  2 killer bees (D:11)
  A gnoll (D:10)
  3 orcs (Vaults:5)
  A briar patch (Lair:2)
300 creatures vanquished.

Vanquished Creatures (others)
  A stone giant (Depths:3)
  A peacekeeper (Vaults:4)
  A yaktaur captain (Vaults:2)
  A wizard (Depths:1)
  5 yaktaurs
  64 knights
  An ancestor (D:9)
  27 fungi
  116 plants
  4 tentacles (Shoals:4)
  15 withered plants
236 creatures vanquished.

Grand Total: 2092 creatures vanquished

Notes
Turn   | Place    | Note
-------+----------+-------------------------------------------
     0 | D:1      | KuroJack the Spriggan Hunter began the quest for the Orb.
     0 | D:1      | Reached XP level 1. HP: 10/10 MP: 2/2
   202 | D:1      | Reached XP level 2. HP: 15/15 MP: 3/3
   771 | D:2      | Noticed Jessica
   776 | D:2      | Killed Jessica
   777 | D:2      | Reached XP level 3. HP: 7/19 MP: 1/4
  1031 | D:2      | Reached XP level 4. HP: 24/24 MP: 5/5
  1033 | D:2      | Found a faded altar of an unknown god.
  1138 | D:2      | Noticed Robin
  1150 | D:2      | Killed Robin
  1455 | D:2      | Found a runed translucent door.
  1456 | D:2      | Noticed Crazy Yiuf
  1588 | D:2      | You fall into a shaft and drop 2 floors!
  1723 | D:4      | Reached XP level 5. HP: 26/29 MP: 6/6
  1957 | D:4      | Noticed a phantom
  2006 | D:4      | Killed a phantom
  2007 | D:4      | Reached skill level 5 in Fighting
  2007 | D:4      | Reached XP level 6. HP: 18/35 MP: 3/7
  2129 | D:4      | Noticed Sigmund
  2141 | D:4      | Killed Sigmund
  2360 | D:5      | Entered Level 5 of the Dungeon
  2370 | D:5      | Reached XP level 7. HP: 20/40 MP: 3/8
  2471 | D:5      | Reached skill level 5 in Ranged Weapons
  2508 | D:5      | Found a hide-covered altar of Uskayaw.
  2796 | D:5      | Found a radiant altar of Vehumet.
  2796 | D:5      | Found a burning altar of Makhleb.
  3080 | D:5      | Found an ornate altar of the Wu Jian Council.
  3081 | D:5      | Found a shadowy altar of Dithmenos.
  3082 | D:5      | Found a sacrificial altar of Ru.
  3149 | D:6      | Noticed Prince Ribbit
  3158 | D:6      | Killed Prince Ribbit
  3159 | D:6      | Reached XP level 8. HP: 44/44 MP: 9/9
  4474 | D:7      | Reached skill level 10 in Ranged Weapons
  4481 | D:7      | Found a staircase to the Ecumenical Temple.
  4506 | D:7      | Reached XP level 9. HP: 8/48 MP: 0/10
  4652 | Temple   | Entered the Ecumenical Temple
  4661 | Temple   | Became a worshipper of Hepliaklqana the Forgotten
  4685 | D:7      | Found a runed translucent gate.
  4685 | D:7      | Found a runed translucent gate.
  4686 | D:7      | Found a runed translucent gate.
  4690 | D:7      | Noticed zielscheibe's ghost (novice TeAE)
  4690 | D:7      | Noticed Manslay's ghost (novice OpCj)
  4691 | D:7      | Noticed diceflayer's ghost (novice DsHu)
  4716 | D:7      | Noticed Duvessa
  4716 | D:7      | Noticed Dowan
  4778 | D:7      | Killed Duvessa
  4789 | D:7      | Killed Dowan
  5227 | D:8      | Found a sparkling altar of Nemelex Xobeh.
  5676 | D:8      | Reached skill level 5 in Dodging
  6422 | D:9      | Reached * piety under Hepliaklqana
  6470 | D:9      | Noticed Pikel
  6534 | D:9      | Killed Pikel
  6535 | D:9      | Reached XP level 10. HP: 37/47 MP: 9/11
  6825 | D:9      | Reached skill level 10 in Dodging
  6908 | D:9      | Found a glowing silver altar of Zin.
  6944 | D:9      | Found a staircase to the Lair.
  7079 | D:9      | Noticed Gastronok
  7094 | D:9      | Killed Gastronok
  7223 | D:10     | Entered Level 10 of the Dungeon
  7340 | D:10     | Noticed an obsidian statue
  7355 | D:10     | Killed an obsidian statue
  7356 | D:10     | Reached XP level 11. HP: 50/50 MP: 12/12
  7389 | D:10     | Reached ** piety under Hepliaklqana
  7400 | D:10     | Remembered your ancestor Ealdgyð as a knight
  7809 | D:10     | Found an iron altar of Okawaru.
  8114 | Lair:1   | Entered Level 1 of the Lair of Beasts
  8149 | Lair:1   | Reached skill level 15 in Ranged Weapons
  8337 | Lair:1   | Reached XP level 12. HP: 36/54 MP: 6/13
  8555 | Lair:1   | Noticed Erica
  8577 | Lair:1   | Killed Erica
  8989 | Lair:1   | Identified a scroll of acquirement
  8990 | Lair:1   | Acquired a +4 arbalest of draining
  9025 | Lair:2   | Reached *** piety under Hepliaklqana
  9066 | Lair:2   | Found a transporter.
  9094 | Lair:2   | Noticed a five-headed hydra
  9101 | Lair:2   | Killed a five-headed hydra
  9147 | Lair:2   | Found a transporter.
 10059 | Lair:3   | Reached **** piety under Hepliaklqana
 10074 | Lair:3   | Noticed a seven-headed hydra
 10078 | Lair:3   | Killed a seven-headed hydra
 10287 | Lair:3   | Found a staircase to the Snake Pit.
 10686 | Lair:3   | Found a staircase to the Shoals.
 11059 | Lair:4   | Found a shadowy altar of Dithmenos.
 11199 | Lair:4   | Reached XP level 13. HP: 62/62 MP: 14/14
 11332 | Lair:4   | Reached ***** piety under Hepliaklqana
 11343 | Lair:4   | Found a viscous altar of Jiyva.
 11346 | Lair:4   | Found a staircase to the Slime Pits.
 11837 | Lair:5   | Entered Level 5 of the Lair of Beasts
 11953 | Lair:5   | Reached skill level 10 in Fighting
 12790 | Lair:5   | Noticed Rupert
 12795 | Lair:5   | Killed Rupert
 12985 | Lair:5   | Found a runed translucent door.
 13543 | Lair:5   | Reached XP level 14. HP: 72/72 MP: 15/15
 14452 | Lair:5   | Noticed Josephine
 14458 | Lair:5   | Killed Josephine
 14545 | Lair:5   | Acquired the amulet "Yjidd" {Contam +Blink rElec Regen+
                  | Int-2}
 15078 | D:11     | Found a staircase to the Orcish Mines.
 15613 | D:12     | Reached skill level 1 in Invocations
 15862 | D:12     | Noticed Nergalle
 15873 | D:12     | Killed Nergalle
 16060 | D:12     | Reached skill level 5 in Invocations
 16081 | D:12     | Found the +3 pair of gauntlets of War {Slay+5}
 16082 | D:12     | Noticed a tengu reaver
 16870 | D:12     | Killed a tengu reaver
 17843 | D:14     | Reached XP level 15. HP: 79/79 MP: 22/22
 17856 | D:14     | Reached ****** piety under Hepliaklqana
 18376 | D:14     | Reached skill level 10 in Invocations
 18428 | D:14     | Found a gate to the Vaults.
 18523 | D:15     | Entered Level 15 of the Dungeon
 19271 | D:15     | Noticed a frost giant
 19278 | D:15     | Killed a frost giant
 19279 | D:15     | Reached skill level 15 in Dodging
 19285 | D:15     | Found a staircase to the Depths.
 19641 | Snake:1  | Entered Level 1 of the Snake Pit
 20524 | Snake:2  | Noticed Donald
 20533 | Snake:2  | Killed Donald
 20534 | Snake:2  | Reached XP level 16. HP: 83/83 MP: 24/24
 20680 | Snake:2  | Reached skill level 1 in Evocations
 20788 | Snake:2  | Reached skill level 5 in Evocations
 21170 | Snake:2  | Got the Information on Assembling and the Barrage
 21692 | Snake:3  | Found Xitheab's Book Shop.
 21692 | Snake:3  | Found Janoh's Jewellery Emporium.
 21693 | Snake:3  | Found Inluveym's Book Shop.
 21814 | Snake:3  | Reached skill level 10 in Evocations
 22477 | Snake:4  | Entered Level 4 of the Snake Pit
 22542 | Snake:4  | Reached skill level 5 in Stealth
 22638 | Snake:4  | Reached skill level 1 in Armour
 22650 | Snake:4  | Noticed Vashnia
 22763 | Snake:4  | Killed Vashnia
 22876 | Snake:4  | Reached XP level 17. HP: 87/87 MP: 25/25
 22927 | Snake:4  | Found Eriuj's General Store.
 22972 | Snake:4  | Bought 2 scrolls of identify for 64 gold pieces
 22991 | Snake:4  | Identified the +4 hand axe of Tender Mercy {heavy, Contam
                  | *Corrode rPois Int+8}
 23021 | Snake:4  | Found Roudghewu's CLEARANCE SALE!.
 23044 | Snake:4  | Reached skill level 5 in Armour
 23387 | Snake:4  | Found Ekoabb's Jewellery Boutique.
 23403 | Snake:4  | Found Debapleg's Jewellery Shop.
 23411 | Snake:4  | Bought the ring "Zotsuuc" {rF+ Will+ Str+3} for 790 gold
                  | pieces
 23624 | Snake:4  | Got a serpentine rune of Zot
 23853 | Shoals:1 | Entered Level 1 of the Shoals
 24018 | Shoals:1 | Noticed Jorgrun
 24030 | Shoals:1 | Killed Jorgrun
 24200 | Shoals:1 | You fall into a shaft and drop 1 floor!
 25424 | Shoals:3 | Reached skill level 10 in Armour
 25565 | Shoals:3 | Noticed Polyphemus
 25603 | Shoals:3 | Killed Polyphemus
 25888 | Shoals:3 | Reached XP level 18. HP: 91/91 MP: 26/26
 25972 | Shoals:4 | Entered Level 4 of the Shoals
 25972 | Shoals:4 | Noticed Mara
 25980 | Shoals:4 | Noticed KuroJack's illusion
 26031 | Shoals:4 | Noticed KuroJack's illusion
 26382 | Shoals:4 | Noticed KuroJack's illusion
 26514 | Shoals:4 | Noticed KuroJack's illusion
 26601 | Shoals:3 | Killed Mara
 26998 | Shoals:4 | Acquired the amulet of the Invisible Hand {Reflect Int+5
                  | SH+5 Stlth+}
 27348 | Shoals:4 | Identified the +0 plate armour of the Undertaker {rPois rF+
                  | Str+2 Int-3}
 27439 | Shoals:4 | Identified the ring "Kathrefan" {Contam rElec rC+ MP+9
                  | Slay+5}
 27705 | Shoals:4 | Got a barnacled rune of Zot
 28009 | Vaults:1 | Entered Level 1 of the Vaults
 28016 | Vaults:1 | Identified the +5 flail of Woah {heavy, Fly rPois rCorr
                  | Dex-3}
 28029 | Vaults:1 | Noticed Zenata
 28056 | Vaults:1 | Killed Zenata
 28489 | Vaults:1 | Found a gateway to a bazaar.
 28666 | Vaults:1 | Noticed Nikola
 28679 | Vaults:1 | Killed Nikola
 29287 | Vaults:2 | Found a runed translucent gate.
 29287 | Vaults:2 | Found a runed translucent gate.
 29287 | Vaults:2 | Found a runed translucent gate.
 29287 | Vaults:2 | Found an opulent altar of Gozag.
 29288 | Vaults:2 | Noticed Kipt's ghost (adept SpFE)
 29340 | Vaults:2 | Reached skill level 15 in Fighting
 29483 | Vaults:2 | Reached XP level 19. HP: 97/97 MP: 27/27
 30009 | Vaults:2 | Found a staircase to the Crypt.
 30529 | Vaults:3 | Found Puesuorra's Assorted Antiques.
 30546 | Vaults:3 | Bought a scroll of teleportation for 81 gold pieces
 30546 | Vaults:3 | Bought a potion of curing for 81 gold pieces
 30652 | Vaults:3 | Found the +2 shield of Resistance {rF++ rC++ Will++}
 30703 | Vaults:3 | Found a transporter.
 30744 | Vaults:3 | Found a transporter.
 31628 | Vaults:3 | Reached XP level 20. HP: 107/107 MP: 28/28
 33200 | Vaults:3 | Identified the amulet "Tulieses" {Spirit +Inv rPois}
 33211 | Vaults:3 | Identified the ring "Diluf" {*Corrode rF- AC+4 SInv Stlth+}
 33250 | Vaults:3 | Identified the amulet of the Good {Acrobat rPois rC+ Will+
                  | Dex+4}
 34622 | Depths:1 | Entered Level 1 of the Depths
 34953 | Depths:1 | Reached skill level 15 in Armour
 35479 | Depths:1 | Found a one-way gateway to a ziggurat.
 35663 | Depths:1 | Found a bloodstained altar of Trog.
 35816 | Depths:1 | Found a gateway to Hell.
 36130 | Depths:1 | Found an ancient bone altar of Kikubaaqudgha.
 36319 | Depths:1 | Reached XP level 21. HP: 110/110 MP: 29/29
 36904 | Depths:2 | You fall into a shaft and drop 2 floors!
 36904 | Depths:4 | Entered Level 4 of the Depths
 36912 | Depths:4 | Found Dull's General Store.
 36913 | Depths:4 | Found Ygih's General Store.
 36913 | Depths:4 | Found Xibb's General Store.
 38417 | Depths:2 | HP: 1/110 [spriggan berserker/+0 war axe (26)]
 39826 | Depths:2 | Reached skill level 15 in Evocations
 39959 | Depths:2 | Noticed a juggernaut
 39970 | Depths:2 | Killed a juggernaut
 40359 | Depths:2 | Found a one-way gate leading to the halls of Pandemonium.
 40396 | Depths:2 | Noticed a caustic shrike
 40409 | Depths:2 | Killed a caustic shrike
 40963 | Depths:3 | Noticed a golden dragon
 41000 | Depths:3 | Noticed a golden dragon
 41003 | Depths:3 | Killed a golden dragon
 41004 | Depths:3 | Reached XP level 22. HP: 115/115 MP: 30/30
 41006 | Depths:3 | Killed a golden dragon
 41049 | Depths:3 | Noticed a caustic shrike
 41054 | Depths:3 | Killed a caustic shrike
 41123 | Depths:3 | Found Feulywn's Assorted Antiques.
 41127 | Depths:3 | Found Joagas's Jewellery Boutique.
 41128 | Depths:3 | Found Hohor's Antique Armour Shop.
 41131 | Depths:3 | Bought a scroll of enchant armour for 322 gold pieces
 41135 | Depths:3 | Bought a runed cloak for 202 gold pieces
 41465 | Depths:3 | Noticed a golden dragon
 41483 | Depths:3 | Killed a golden dragon
 41720 | Depths:3 | Identified the +1 trident of Crusades {freeze, Str+3}
 41749 | Depths:3 | Identified the +9 long sword of Melee {protect, Dex+3}
 41753 | Depths:3 | Identified the ring of Wonder {rPois AC+4 Int+9 Dex-5
                  | Stlth+}
 41756 | Depths:3 | Identified the ring of Bar Moag {Wiz rElec rN+ rCorr Str-3}
 41990 | Depths:3 | Found a one-way gate to the infinite horrors of the Abyss.
 42264 | Depths:4 | Noticed Sojobo
 42332 | Depths:3 | Paralysed by an air elemental for 1 turns
 42346 | Depths:3 | Paralysed by an air elemental for 1 turns
 42349 | Depths:3 | Killed Sojobo
 42439 | Depths:4 | Found Ydikhixo's General Store.
 42487 | Depths:4 | Bought a scroll of teleportation for 54 gold pieces
 43682 | Depths:4 | Found a gate to the Realm of Zot.
 43910 | Depths:4 | Bought 2 potions of curing for 120 gold pieces
 43913 | Depths:4 | Bought a scroll of summoning for 180 gold pieces
 44180 | D:10     | Identified the amulet of Otoh {RegenMP Harm rF- Str+3
                  | Dex+5}
 45103 | Vaults:5 | Entered Level 5 of the Vaults
 45108 | Vaults:5 | Noticed Mennas
 45193 | Vaults:5 | HP: 3/115 [Mennas/+3 sacred scourge of holy wrath (14)]
 45776 | Vaults:4 | Killed Mennas
 46017 | Vaults:4 | Reached skill level 27 in Dodging
 46193 | Vaults:5 | Noticed a golden dragon
 46205 | Vaults:5 | Killed a golden dragon
 46290 | Vaults:5 | Identified the staff of death "Okyn" {rN+ Str+3 Dex+2}
 46308 | Vaults:5 | Reached XP level 23. HP: 119/119 MP: 31/31
 46425 | Vaults:5 | Identified the ring of the Hurting Saviour {Contam rF+
                  | Will+ rCorr AC+4}
 46984 | Vaults:5 | Identified the +1 chain mail of Hedonism {rElec Dex+3
                  | Stlth-}
 47208 | Vaults:5 | Noticed an ancient lich
 47219 | Vaults:5 | Killed an ancient lich
 47389 | Vaults:5 | Got a silver rune of Zot
 47453 | Vaults:5 | Identified the staff of poison "Vixetic" {rPois rF+ rC++
                  | MP-9}
 47849 | Vaults:5 | Got the Handbook of the Rocks and Electricity
 48277 | Crypt:1  | Entered Level 1 of the Crypt
 48277 | Crypt:1  | Noticed Bai Suzhen
 48649 | Zot:1    | Entered Level 1 of the Realm of Zot
 50329 | Zot:2    | Noticed a curse toe
 50340 | Zot:2    | Reached XP level 24. HP: 122/123 MP: 31/31
 50847 | Zot:2    | Reached skill level 27 in Evocations
 51666 | Zot:2    | Noticed a Killer Klown
 51680 | Zot:2    | Killed a Killer Klown
 52509 | Zot:3    | Identified the +5 hand axe of Execution {flame, rC- Dex+4}
 52516 | Zot:3    | Identified the +8 falchion "Heag" {flame, Will+ Int+5}
 53379 | Zot:4    | Noticed a Killer Klown
 53379 | Zot:4    | Noticed a Killer Klown
 53379 | Zot:4    | Noticed a Killer Klown
 53379 | Zot:4    | Noticed a Killer Klown
 53379 | Zot:4    | Noticed a Killer Klown
 53379 | Zot:4    | Noticed a Killer Klown
 53402 | Zot:4    | Noticed a juggernaut
 53624 | Zot:3    | Killed a Killer Klown
 53692 | Zot:3    | Killed a Killer Klown
 54083 | Zot:3    | Killed a juggernaut
 54148 | Zot:3    | Killed a Killer Klown
 54174 | Zot:4    | Killed a Killer Klown
 54186 | Zot:4    | Killed a Killer Klown
 54450 | Zot:4    | Found a transporter.
 54468 | Zot:4    | Found a transporter.
 54663 | Zot:4    | Found a transporter.
 54666 | Zot:4    | Found a transporter.
 54717 | Zot:4    | Found a transporter.
 54721 | Zot:4    | Found a transporter.
 54822 | Zot:4    | Killed a Killer Klown
 54889 | Zot:5    | Entered Level 5 of the Realm of Zot
 55287 | Zot:5    | Reached XP level 25. HP: 134/134 MP: 31/31
 55854 | Zot:5    | Noticed an orb of fire
 55880 | Zot:5    | Killed an orb of fire
 56021 | Zot:5    | Noticed a Killer Klown
 56035 | Zot:5    | Killed a Killer Klown
 56056 | Zot:5    | Noticed a Killer Klown
 56062 | Zot:5    | Noticed a Killer Klown
 56070 | Zot:5    | Killed a Killer Klown
 56082 | Zot:5    | Noticed an ancient lich
 56121 | Zot:5    | Killed an ancient lich
 56137 | Zot:5    | Killed a Killer Klown
 56169 | Zot:5    | Noticed an orb of fire
 56190 | Zot:5    | Gained mutation: You have large cloven feet. [an orb of
                  | fire]
 56194 | Zot:5    | Killed an orb of fire
 56381 | Zot:5    | Noticed a Killer Klown
 56381 | Zot:5    | Noticed a Killer Klown
 56407 | Zot:5    | Noticed an orb of fire
 56409 | Zot:5    | Noticed an orb of fire
 56418 | Zot:5    | Noticed an ancient lich
 56487 | Zot:5    | Noticed a dread lich
 56562 | Zot:5    | Gained mutation: You sometimes lose your temper in combat.
                  | [an orb of fire]
 56729 | Zot:5    | Killed an orb of fire
 56892 | Zot:5    | Killed an orb of fire
 56894 | Zot:5    | Killed a Killer Klown
 57053 | Zot:5    | Killed a Killer Klown
 57799 | Zot:5    | Killed an ancient lich
 57842 | Zot:5    | Killed a dread lich
 58087 | Zot:5    | Got the Orb of Zot
 58596 | D:9      | Noticed Kanoass the pandemonium lord
 58710 | D:3      | Found a transporter.
 58831 | D:$      | Escaped with the Orb!

Illustrated notes

Levels and vault maps discovered:
D:1:      nicolae_arrival_somewhat_less_tricky_arrival, layout_loops_cross,
          dk_noncrumbling_2
D:2:      layout_loops_ring, nicolae_ecumenical_oubliette,
          uniq_crazy_yiuf_cottage, uniq_robin, uniq_jessica
D:3:      layout_loops_ring, gammafunk_ghost_arena, uniq_natasha
D:4:      layout_rooms, uniq_sigmund
D:5:      layout_basic, grunt_temple_overflow_lords_of_destruction,
          mainiacjoe_overflow_alcove_3, hangedman_decor_riveting
D:6:      layout_loops_ring, uniq_prince_ribbit1
D:7:      layout_loops_corners, minmay_temple_entry_sparse_star,
          gammafunk_ghost_cemetery, uniq_duvessa
D:8:      layout_rooms, nemelex_spade_bored_becter
D:9:      layout_small_grid, mainiacjoe_overflow_concentric_impassable,
          lair_entry_dummy, uniq_gastronok, uniq_pikel
D:10:     layout_cave_pools, kennysheep_okawaru_gauntlet, special_room
          [special_room_orc], minivault_15
D:11:     layout_small_grid, orc_0_dummy
D:12:     minmay_shrinking_squares, layout_rooms, hangedman_ranch, uniq_nergalle
D:13:     layout_cave_pools, serial_park, serial_park_tiny_1,
          serial_park_square3 [serial_park_minivault_5x5_4],
          serial_park_square2, serial_park_square3
          [serial_park_minivault_5x5_6], serial_park_tiny_pond
D:14:     kennysheep_spiral_hall, layout_rooms, skrybe_vaults_entry_preservation
D:15:     grunt_enter_depths_snipers, layout_basic,
          minmay_misc_feat_more_columns, kennysheep_inner_square
Temple:   nicolae_temple_ecumenical_triangle
Lair:1:   layout_misc_corridors, infiniplex_staircase_pool, uniq_erica
Lair:2:   gammafunk_worm_tunnel, layout_long_grid, lemuel_fruit_tree,
          serial_bayou_shore_a
Lair:3:   layout_cave_pods, minmay_shoals_entry_beasts, dummy_snake_entry,
          grunt_megastairs_3
Lair:4:   layout_cave_shapes, dpeg_slime_entry_corner, basic_altar,
          serial_bayou_shore_b
Lair:5:   wormcave, layout_cave_pods, hangedman_lair_tendril_chambers,
          uniq_rupert, uniq_josephine
Shoals:1: layout_shoals, uniq_jorgrun
Shoals:2: layout_shoals, st_shoals_ruin
Shoals:3: layout_shoals, nicolae_shoals_gull_way, uniq_polyphemus
Shoals:4: shoals_end_hellmonk_lost_city, uniq_mara
Snake:1:  layout_cave_shapes, hangedman_snake_corridor_cut, grunt_megastairs_2
Snake:2:  layout_onion_interference, uniq_donald
Snake:3:  layout_chambers, special_room, nicolae_snake_snakewalk,
          minmay_shop_grove
Snake:4:  johnstein_snake_rune_scales, layout_onion, serial_shops,
          nicolae_shop_hallway_stairs, nicolae_shop_hallway_plus, shop,
          nicolae_shop_clearance
Vaults:1: nicolae_vaults_trapezoid_lopsided_4, ontoclasm_vaults_misaligned,
          v_misc_2, nicolae_vaults_diamond_1, nicolae_vaults_asterisk,
          ontoclasm_vaults_hangar, nicolae_vaults_trapezoid_lopsided_4,
          nicolae_vaults_tangram_1, layout_vaults_omnigrid, serial_shops,
          bzr_in_the_mist, uniq_zenata, uniq_nikola
Vaults:2: ebering_ghost_gozag, vaults_mumra_minichess_inversion,
          nicolae_vaults_trapezoid_lopsided_3, nicolae_vaults_ninety_degrees,
          v_misc_4, vaults_room_glass_cross, v_misc_30,
          vaults_dpeg_encased_lava, v_misc_12, minmay_crypt_entry_simple_walls,
          v_rooms_6, nicolae_vaults_trapezoid_2, vaults_dpeg_doors,
          nicolae_vaults_storage_room_glass, layout_vaults_ring
Vaults:3: vaults_room_fours, nicolae_vaults_ring_of_whatevers,
          gammafunk_dig_for_victory, nicolae_vaults_little_squares_5,
          nicolae_vaults_frosty_reception, v_alt_pattern_2,
          ontoclasm_vaults_eye, nicolae_vaults_storage_closets_3,
          nicolae_vaults_house_2, nicolae_vaults_tetromino_Z_1,
          nicolae_vaults_prndl, nicolae_vaults_diamond_1,
          nicolae_vaults_border_crossing, nicolae_vaults_trapezoid_1,
          nicolae_vaults_trapezoid_lopsided_3, layout_vaults_maze_bifur,
          serial_shops, shop
Vaults:4: vaults_mumra_lcd, vaults_room_ringed_pool,
          nicolae_vaults_windows_and_doors_thing,
          nicolae_vaults_trapezoid_lopsided_2, nicolae_vaults_sesquioval_fish,
          hangedman_vaults_trim, nicolae_vaults_three_branches,
          ontoclasm_vaults_ring_small, vaults_room_large_hall, v_misc_26,
          v_rooms_6, nicolae_vaults_oval_intersection, layout_vaults_omnicross
Vaults:5: uniq_mennas
Crypt:1:  cheibrodos_crypt_down_in_the_bonehoard, layout_catacombs,
          hellmonk_scarab_ruin, lemuel_upstairs_altar, uniq_bai_suzhen,
          uniq_margery
Depths:1: nicolae_hexawheel, layout_gridlike, enter_ziggurat_e,
          grunt_metal_band, lemuel_doored_altar, roderic_serpentine_path,
          kiku_gazebo_garden_becter
Depths:2: lemuel_castle_with_subvaults [lemuel_castle_interior_original],
          layout_gridlike, rand_demon_pan_entry_4, grunt_decor_resistance,
          grunt_hell_entry_dis_grunt
Depths:3: minmay_the_grid_triangle_9x9_recursive_3_mashed
          [minmay_the_grid_triangle_9x9_from_above,
          minmay_the_grid_triangle_9x9_zippers_vertical,
          minmay_the_grid_triangle_9x9_flanged_cone,
          minmay_the_grid_triangle_9x9_prize_center,
          minmay_the_grid_triangle_9x9_semitri,
          minmay_the_grid_triangle_9x9_thin_v,
          minmay_the_grid_triangle_9x9_warning,
          minmay_the_grid_triangle_9x9_intruding_spiral,
          minmay_the_grid_triangle_9x9_windchime], layout_gridville,
          pf_hell_entry_tar_river, minmay_misc_feat_x, abyss_entry,
          rand_demon_pan_entry_8, serial_sigils_hangedman_clutch,
          minmay_shop_star
Depths:4: grunt_zot_entry_hairpin, layout_gridlike, solitary_fountain,
          grunt_pan_entry_in_and_out, hell_entry, minmay_shoptagon, uniq_sojobo
Zot:1:    kennysheep_ambush_hall, layout_twisted_circle,
          st_single_dragon_hoard_4
Zot:2:    layout_basic, nicolae_lava_and_water, hangedman_zot_wheel_spokes,
          grunt_megastairs_4
Zot:3:    layout_gridlike, st_single_dragon_hoard_1, grunt_megastairs_5
Zot:4:    ebering_greatest_show_in_zot, layout_misc_corridors,
          serial_nicolae_subway, nicolae_sub_station_crystal,
          nicolae_sub_station_stone, nicolae_sub_station_metal
Zot:5:    layout_gridlike

Skill      XL: |  1  2  3  4  5  6  7  8  9 10 11 12 13 14 15 16 17 18 19 20 21 22 23 24 25 |
---------------+----------------------------------------------------------------------------+-----
Stealth        | 2 6 |  6.0
Dodging        | 3 8 12 17 18 20 21 25 27 | 27.0
Fighting       | 2 3 4 5 6 8 12 14 15 18 20 22 | 22.8
Ranged Weapons | 7 10 12 13 16 18 | 18.0
Invocations    | 8 10 | 10.0
Evocations     | 12 14 17 21 26 27 | 27.0
Armour         | 4 10 12 15 | 15.0

Action                     |  1- 3 |  4- 6 |  7- 9 | 10-12 | 13-15 | 16-18 | 19-21 | 22-24 | 25-27 || total
---------------------------+-------+-------+-------+-------+-------+-------+-------+-------+-------++-------
   Fire: Shortbow          |    80 |   188 |   537 |   448 |       |       |       |       |       ||  1253
         Arbalest          |       |       |       |   132 |   880 |  1351 |  1302 |  1576 |   333 ||  5574
 Invoke: Ancestor Life: Kn |       |       |       |     1 |       |       |       |       |       ||     1
         Recall Ancestor   |       |       |       |       |     5 |     4 |     4 |     9 |     4 ||    26
         Idealise          |       |       |       |       |       |       |     1 |     5 |     3 ||     9
Ability: Evoke Blink       |       |       |       |       |       |       |       |     1 |       ||     1
  Evoke: Phial of floods   |       |       |       |       |       |     1 |       |       |       ||     1
         Wand              |       |       |       |       |       |       |     3 |     1 |       ||     4
         Box of beasts     |       |       |       |       |       |       |       |     1 |       ||     1
    Use: Scroll            |       |     2 |     5 |     8 |     9 |    15 |    18 |     9 |     4 ||    70
         Potion            |       |       |       |     1 |     2 |       |     4 |     4 |       ||    11
 Armour: Robe              |     2 |     3 |    11 |       |       |       |       |       |       ||    16
         Troll leather arm |       |       |       |    13 |    22 |    20 |    26 |    53 |    17 ||   151
  Dodge: Dodged            |    32 |   122 |   216 |   180 |   308 |   728 |   543 |   955 |   143 ||  3227
